 Dungeon Crawl Stone Soup version 0.31-a0-1074-g0b22e4e0f1 (webtiles) character file.

Game seed: 6968038855583507591

33502 jlumianski the Grappler (level 13, -3/90 HPs)
             Began as a Gnoll Shapeshifter on Nov 25, 2023.
             Was a High Priest of Hepliaklqana.
             Slain by a salamander
             ... wielding a +2 halberd
              (4 damage)
             ... in a volcano on Nov 27, 2023.
             The game lasted 01:53:53 (17280 turns).

jlumianski the Grappler (Gnoll Shapeshifter)       Turns: 17280, Time: 01:53:54

Health: -3/90      AC:  8    Str: 15    XL:     13   Next: 71%
Magic:  23/25      EV: 14    Int: 19    God:    Hepliaklqana [*****.]
Gold:   879        SH:  0    Dex: 16    Spells: 17/29 levels left

rFire   + + .        R - +7 halberd of the Shore {drain, Dex+2 Stlth+}
rCold   x x .        (shield currently unavailable)
rNeg    . . .        B - +0 scale mail of Yguraoku {rF+ Will+}
rPois   +            (helmet currently unavailable)
rElec   .            (cloak currently unavailable)
rCorr   +            (gloves currently unavailable)
SInv    .            (boots currently unavailable)
Will    .....        k - amulet of regeneration
Stlth   ++++         L - ring "Tustrise" {Fly rCorr}
HPRegen 1.15/turn    y - ring of fire
MPRegen 0.19/turn

%: no passive effects
@: beast-form, flying
A: beast (slay +4), reduced essence, fangs 1, strong nose, distributed training
a: Begin Untransformation, Renounce Religion, Recall Ancestor, Ancestor
Identity, Transference, Idealise


You were in a volcano.
You worshipped Hepliaklqana.
Hepliaklqana was extremely pleased with you.
You were a hulking beast.
You visited 3 branches of the dungeon, and saw 19 of its levels.
You also visited: Volcano.

You collected 1850 gold pieces.
You spent 971 gold pieces at shops.

Inventory:

Hand Weapons
 N - a +3 scimitar of flaming
 P - a +3 battleaxe of venom
 R - the +7 halberd of the Shore (weapon) {drain, Dex+2 Stlth+}
   (You found it on level 7 of the Dungeon)

   Dex+2:     It affects your dexterity (+2).
   Stlth+:    It makes you more stealthy.
Missiles
 f - 8 javelins
 m - 16 boomerangs (quivered)
 E - 20 poisoned darts
 K - 8 curare-tipped darts
 S - a throwing net
Armour
 B - the +0 scale mail of Yguraoku (worn) {rF+ Will+}
   (You bought it in a shop on level 5 of the Dungeon)

   rF+:       It protects you from fire.
   Will+:     It increases your willpower.
Jewellery
 a - a ring of ice
 k - an amulet of regeneration (around neck)
 p - a ring of positive energy
 s - a +4 ring of protection
 w - a +6 ring of strength
 y - a ring of fire (right hand)
 A - a +6 ring of dexterity
 D - a ring of ice
 F - a ring of ice
 L - the ring "Tustrise" (left hand) {Fly rCorr}
   (You found it on level 13 of the Dungeon)

   [ring of flight]

   Fly:       It grants you flight.
   rCorr:     It protects you from acid and corrosion.
Talismans
 d - a flux talisman
 v - the beast talisman of Dim Light (active) {rPois rC- Will- Int+8}
   (You found it on level 3 of the Dungeon)

   [beast talisman]

   Int+8:     It affects your intelligence (+8).
   rC-:       It makes you vulnerable to cold.
   rPois:     It protects you from poison Will-: It decreases your willpower.
Wands
 o - a wand of roots (3)
 H - a wand of mindburst (7)
Scrolls
 c - 4 scrolls of blinking
 e - 7 scrolls of teleportation
 i - 4 scrolls of fog
 q - 5 scrolls of fear
 t - 4 scrolls of identify
 u - 3 scrolls of butterflies
 x - a scroll of immolation
 z - 2 scrolls of silence
 I - 2 scrolls of revelation
 J - 2 scrolls of enchant armour
Potions
 b - 5 potions of lignification
 g - 5 potions of heal wounds
 h - 2 potions of might
 j - 8 potions of curing
 l - a potion of enlightenment
 n - 2 potions of resistance
 r - 2 potions of haste
 C - a potion of ambrosia
 G - a potion of brilliance
 V - 2 potions of attraction
Miscellaneous
 O - a condenser vane (inert)


   Skills:
 + Level 9.1 Fighting
 + Level 8.7 Short Blades
 + Level 8.7 Long Blades
 + Level 8.7 Axes
 + Level 8.7 Maces & Flails
 + Level 8.7 Polearms
 + Level 8.7 Staves
 + Level 8.7 Ranged Weapons
 + Level 8.7 Throwing
 + Level 8.7 Armour
 + Level 9.9 Dodging
 + Level 8.7 Stealth
 + Level 8.7 Shields
 + Level 10.9 Unarmed Combat
 + Level 8.7 Spellcasting
 + Level 7.2 Conjurations
 + Level 7.2 Hexes
 + Level 7.2 Summonings
 + Level 7.2 Necromancy
 + Level 7.2 Translocations
 + Level 7.2 Transmutations
 + Level 7.2 Fire Magic
 + Level 7.2 Ice Magic
 + Level 7.2 Air Magic
 + Level 7.2 Earth Magic
 + Level 7.2 Poison Magic
 + Level 9.5 Invocations
 + Level 8.7 Evocations
 + Level 10.3 Shapeshifting


You had 17 spell levels left.
You knew the following spells:

 Your Spells              Type           Power      Damage    Failure   Level
a - Call Imp              Summ           70%        N/A       1%          2
b - Ensorcelled Hibernat  Hex/Ice        70%        N/A       1%          2
c - Call Canine Familiar  Summ           35%        N/A       4%          3
d - Mephitic Cloud        Conj/Pois/Air  35%        N/A       4%          3
e - Blink                 Tloc           70%        N/A       1%          2

Your spell library contained the following spells:

 Spells                   Type           Power      Damage    Failure   Level
 Magic Dart               Conj           100%       1d8       1%          1
 Jinxbite                 Hex            70%        N/A       1%          2
 Lesser Beckoning         Tloc           70%        N/A       1%          2
 Momentum Strike          Conj/Tloc      70%        3d9       1%          2
 Searing Ray              Conj           70%        2d7       1%          2
 Sublimation of Blood     Necr           35%        N/A       1%          2
 Wereblood                Tmut           35%        N/A       1%          2
 Gell's Gravitas          Tloc           35%        N/A       4%          3
 Sigil of Binding         Hex            35%        N/A       4%          3
 Teleport Other           Tloc           35%        N/A       4%          3
 Anguish                  Hex/Necr       17%        N/A       14%         4
 Dimensional Bullseye     Hex/Tloc       17%        N/A       14%         4
 Fulminant Prism          Conj/Hex       17%        3d11      14%         4
 Leda's Liquefaction      Hex/Erth       17%        N/A       14%         4
 Summon Forest            Summ/Tloc      17%        N/A       36%         5
 Dispersal                Tloc           17%        N/A       91%         6
 Eringya's Noxious Bog    Tmut/Pois      17%        4d6       91%         6
 Summon Hydra             Summ           17%        N/A       100%        7


Dungeon Overview and Level Annotations

Branches:
Dungeon (15/15)            Temple (1/1) D:4            Lair (3/5) D:10
 Shoals (0/4) Lair:3       Spider (0/4) Lair:2          Orc (0/2) D:9
 Vaults (0/5) D:13        Volcano (1/1)
 Depths: D:15

Altars:
Ashenzari
Cheibriados
Dithmenos
Elyvilon
Fedhas
Gozag
Hepliaklqana
Kikubaaqudgha
Makhleb
Nemelex Xobeh
Okawaru
Qazlal
Ru
Sif Muna
Trog
Uskayaw
Vehumet
Wu Jian
Xom
Yredelemnul
Zin
The Shining One

Shops:
D:1 :   D:5 [   D:6 ?(([   D:9 [(   D:13 !

Annotations:
D:6 1 runed translucent door, horus123's ghost, novice DsGl


Innate Abilities, Weirdness & Mutations

You are a hulking beast.
Your limbs bulge with bestial killing power. (Slay +4)
Your life essence is reduced to manifest your ancestor. (-10% HP)
You have very sharp teeth.
Your uncanny sense of smell can sniff out nearby items.
Your experience applies equally to all skills.


Message History

(? for menu, Esc to cancel) < or
w - a +6 ring of strength; > or
y - a ring of fire You remove your +6 ring of strength.
You feel weaker.
Your wolf bites the salamander mystic.
You fly up into the air.
L - the ring "Tustrise" (left hand) {Fly rCorr} Your wolf closely misses the salamander mystic.
The salamander mystic misses your wolf.
Your wolf disappears in a puff of smoke!
The salamander mystic gestures at the salamander while chanting.
The salamander seems to speed up.
The salamander hits you from afar with a +2 halberd.
You are engulfed in flames.
You resist.
Unknown command.
Unknown command.
Casting: Call Canine Familiar (mildly dangerous; 4% risk of failure)
Confirm with . or Enter, or press ? or * to list all spells.
A tiny devil pulls itself out of the air.
The salamander closely misses you.
The salamander hits you from afar with a +2 halberd!!
You are engulfed in flames.
You resist.
The salamander mystic hits you with a +0 dagger.
You are engulfed in flames.
You resist.
The salamander shoots an arrow.
The arrow hits you.
The salamander hits you from afar with a +2 halberd!
* * * LOW HITPOINT WARNING * * *
You are engulfed in flames.
You resist.
* * * LOW HITPOINT WARNING * * *
Your cerulean imp barely misses the salamander mystic.
The salamander shoots an arrow.
The arrow closely misses you.
The salamander mystic casts a spell at you.
The bolt of magma hits you! You partially resist.
* * * LOW HITPOINT WARNING * * *
Your cerulean imp barely misses the salamander mystic.
The salamander attacks as it pursues you!
The salamander hits you from afar with a +2 halberd!
* * * LOW HITPOINT WARNING * * *
You are engulfed in flames.
You resist.
You die...

####### ############### ##......
###.............## ##.......
####................#####.......§
#...........§...h............§§..
.....≈≈≈.≈≈§§≈≈≈≈≈......§≈≈≈≈§§≈≈
...§.≈≈≈≈≈§§§§§≈N5≈≈.§§§.§§§≈≈§§§
...≈§≈≈≈≈≈≈§≈≈§§N§≈§≈§§§§≈≈≈§≈≈§≈
§≈§§≈§≈≈§≈≈≈≈§≈N≈§§≈≈§§§≈§§≈§§§≈§
≈≈≈§≈§≈≈≈≈§≈≈≈§§§§≈§≈§§§§≈≈≈§≈≈§§
≈≈≈≈§§§≈.≈§≈§§≈≈≈≈≈≈≈≈≈≈≈≈≈§§§§§≈
≈≈≈≈≈§§§≈§§≈≈≈≈≈≈≈§≈§§≈≈§≈§§§§≈§≈
≈≈≈§≈≈§≈.§..............§§§≈§§≈≈§


You could see a salamander mystic (ally target), 2 salamanders and a friendly
cerulean imp (summoned).

Vanquished Creatures
  5 vault guards
  Erolcha (D:10)
  A two-headed ogre (D:8)
  5 death yaks (Lair:1)
  Sonja (Lair:1)
  2 ugly things
  2 manticores
  2 elephants (Lair:1)
  2 rust devils (D:8)
  2 cane toads (Lair:1)
  An efreet (D:14)
  A komodo dragon (Lair:1)
  2 tengu conjurers (D:13)
  2 trolls
  A hornet (D:11)
  A tarantella (shapeshifter) (D:13)
  A blink frog (Lair:1)
  4 slime creatures
  A shadow (D:10)
  A vampire (D:10)
  4 yaks (D:8)
  A wraith (D:9)
  A wyvern (D:10)
  A basilisk (D:12)
  A vampire mosquito (D:11)
  A hog (D:11)
  3 humans (D:13)
  A steam dragon (D:7)
  Menkaure (D:4)
  8 water moccasins
  9 orc warriors
  2 ice beasts
  2 ogres
  3 wolves (Lair:1)
  2 phantoms
  4 centaurs
  A kobold brigand (D:7)
  3 bullfrogs
  2 scorpions
  2 gnoll sergeants
  3 wights
  A battlemage (Lair:1)
  A killer bee (D:9)
  8 howler monkeys
  2 lava snakes
  7 hounds
  2 gnoll boudas (D:7)
  3 orc priests
  A jelly (D:7)
  5 iguanas
  Natasha (twice) (D:3)
  12 orc wizards
  16 gnolls
  6 adders
  2 shadow imps
  2 white imps
  4 ufetubi
  2 worms
  2 dart slugs (D:1)
  35 orcs
  7 bats
  6 endoplasms
  11 giant cockroaches
  5 goblins
  2 hobgoblins
  4 jackals (D:1)
  4 quokkas
  7 ball pythons
  5 frilled lizards
  9 kobolds
  4 rats
270 creatures vanquished.

Vanquished Creatures (collateral kills)
  Kirke (D:11)
  Fannar (Lair:1)
  A vault guard (D:13)
  A two-headed ogre (D:11)
  A death yak (Lair:2)
  Nergalle (D:11)
  An orc knight (D:15)
  A salamander (Volcano)
  An ugly thing (D:13)
  A cyclops (D:12)
  An elephant (Lair:1)
  A merfolk siren (Lair:3)
  A cane toad (Lair:1)
  A torpor snail (Lair:2)
  2 trolls
  3 blink frogs
  A slime creature (D:12)
  A shadow (D:10)
  2 vampires (D:12)
  2 humans (D:13)
  A fire bat (Volcano)
  2 yaks (D:8)
  A wraith (D:11)
  2 wyverns
  2 basilisks
  3 hogs (D:12)
  2 steam dragons
  A vampire mosquito (D:11)
  3 orc warriors
  An acid dragon (D:10)
  A water moccasin (Lair:3)
  2 black bears
  3 centaurs
  2 wolves (Lair:1)
  2 kobold brigands
  A bullfrog (Lair:2)
  2 wights (D:7)
  5 killer bees
  A howler monkey (D:9)
  3 lava snakes (Volcano)
  4 orc priests
  4 orc wizards
  6 gnolls
  18 orcs
  5 kobolds
102 creatures vanquished.

Vanquished Creatures (others)
  A human (D:13)
  12 battlemagi
  5 ancestors
18 creatures vanquished.

Grand Total: 390 creatures vanquished

Notes
Turn   | Place    | Note
-------+----------+-------------------------------------------
     0 | D:1      | jlumianski the Gnoll Shapeshifter began the quest for the
                  | Orb.
     0 | D:1      | Reached XP level 1. HP: 17/17 MP: 1/1
    70 | D:2      | Reached XP level 2. HP: 17/23 MP: 2/2
   251 | D:2      | Reached XP level 3. HP: 26/28 MP: 3/3
   417 | D:1      | Found a faded altar of an unknown god.
   464 | D:1      | Reached skill level 1 in Invocations
   668 | D:1      | Reached skill level 1 in Short Blades
   668 | D:1      | Reached skill level 1 in Long Blades
   668 | D:1      | Reached skill level 1 in Axes
   668 | D:1      | Reached skill level 1 in Maces & Flails
   668 | D:1      | Reached skill level 1 in Polearms
   668 | D:1      | Reached skill level 1 in Staves
   668 | D:1      | Reached skill level 1 in Ranged Weapons
   668 | D:1      | Reached skill level 1 in Throwing
   668 | D:1      | Reached skill level 1 in Armour
   668 | D:1      | Reached skill level 1 in Stealth
   668 | D:1      | Reached skill level 1 in Shields
   668 | D:1      | Reached skill level 1 in Spellcasting
   668 | D:1      | Reached skill level 1 in Evocations
   704 | D:1      | Found Nowivvox's Vocational Training.
   742 | D:1      | Reached XP level 4. HP: 34/34 MP: 5/5
  1125 | D:3      | Reached skill level 1 in Conjurations
  1125 | D:3      | Reached skill level 1 in Hexes
  1125 | D:3      | Reached skill level 1 in Summonings
  1125 | D:3      | Reached skill level 1 in Necromancy
  1125 | D:3      | Reached skill level 1 in Translocations
  1125 | D:3      | Reached skill level 1 in Transmutations
  1125 | D:3      | Reached skill level 1 in Fire Magic
  1125 | D:3      | Reached skill level 1 in Ice Magic
  1125 | D:3      | Reached skill level 1 in Air Magic
  1125 | D:3      | Reached skill level 1 in Earth Magic
  1125 | D:3      | Reached skill level 1 in Poison Magic
  1307 | D:2      | Found a sparkling altar of Nemelex Xobeh.
  1421 | D:2      | Reached XP level 5. HP: 27/40 MP: 5/7
  1985 | D:3      | Noticed Natasha
  2003 | D:3      | Killed Natasha
  2324 | D:4      | Found a glowing silver altar of Zin.
  2457 | D:4      | Reached XP level 6. HP: 38/47 MP: 8/8
  2648 | D:4      | Found a staircase to the Ecumenical Temple.
  2654 | Temple   | Entered the Ecumenical Temple
  2883 | D:4      | Noticed Menkaure
  2891 | D:4      | Killed Menkaure
  2892 | D:4      | Reached skill level 5 in Dodging
  3313 | D:3      | Identified the beast talisman of Dim Light {rPois rC- Will-
                  | Int+8}
  3445 | D:3      | Noticed Natasha
  3452 | D:3      | Killed Natasha
  3629 | D:5      | Entered Level 5 of the Dungeon
  3671 | D:5      | Reached XP level 7. HP: 40/52 MP: 10/10
  3878 | D:5      | Found a burning altar of Makhleb.
  3989 | D:5      | Found Ycikho's Antique Armour Shoppe.
  3997 | D:5      | Bought a slimy scale mail for 198 gold pieces
  3997 | D:5      | Identified the +0 scale mail of Yguraoku {rF+ Will+} (You
                  | bought it in a shop on level 5 of the Dungeon)
  4067 | D:5      | Found a sacrificial altar of Ru.
  4134 | D:5      | Reached XP level 8. HP: 22/60 MP: 12/12
  4326 | D:6      | Found Xuphilao's Armour Emporium.
  4339 | D:6      | Found Diuwk's Antique Weapon Shop.
  4729 | D:5      | Found a radiant altar of Vehumet.
  4908 | D:7      | Noticed a rust devil
  4908 | D:7      | Noticed a rust devil
  5157 | D:6      | Found Umoc Mim's Magic Scroll Shoppe.
  5162 | D:6      | Found Nilaex's Weapon Shoppe.
  5168 | D:6      | Bought a scroll of revelation for 82 gold pieces
  5168 | D:6      | Bought a scroll of identify for 22 gold pieces
  5168 | D:6      | Bought a scroll of identify for 22 gold pieces
  5457 | D:6      | Found a shimmering altar of Xom.
  5458 | D:6      | Found a hazy altar of Hepliaklqana.
  5459 | D:6      | Noticed a spectral ugly thing
  5462 | D:6      | Became a worshipper of Hepliaklqana the Forgotten
  5561 | D:6      | Found a runed translucent door.
  5561 | D:6      | Found a shimmering altar of Xom.
  5561 | D:6      | Noticed horus123's ghost (novice DsGl)
  5562 | D:6      | Noticed a +1 dagger of chaos
  5656 | D:6      | Reached XP level 9. HP: 66/66 MP: 14/14
  6282 | D:7      | Reached skill level 5 in Fighting
  6847 | D:7      | Learned a level 2 spell: Call Imp
  6887 | D:7      | Reached * piety under Hepliaklqana
  7211 | D:8      | Reached skill level 5 in Invocations
  7652 | D:8      | Reached XP level 10. HP: 16/67 MP: 17/17
  7878 | D:8      | Reached skill level 5 in Short Blades
  7878 | D:8      | Reached skill level 5 in Long Blades
  7878 | D:8      | Reached skill level 5 in Axes
  7878 | D:8      | Reached skill level 5 in Maces & Flails
  7878 | D:8      | Reached skill level 5 in Polearms
  7878 | D:8      | Reached skill level 5 in Staves
  7878 | D:8      | Reached skill level 5 in Ranged Weapons
  7878 | D:8      | Reached skill level 5 in Throwing
  7878 | D:8      | Reached skill level 5 in Armour
  7878 | D:8      | Reached skill level 5 in Stealth
  7878 | D:8      | Reached skill level 5 in Shields
  7878 | D:8      | Reached skill level 5 in Spellcasting
  7878 | D:8      | Reached skill level 5 in Evocations
  8087 | D:8      | Found a glowing golden altar of the Shining One.
  8172 | D:8      | Learned a level 2 spell: Ensorcelled Hibernation
  8247 | D:8      | Killed a rust devil
  8505 | D:8      | Killed a rust devil
  8623 | D:8      | Noticed a two-headed ogre
  8632 | D:8      | Killed a two-headed ogre
  8820 | D:7      | Identified the +7 halberd of the Shore {drain, Dex+2
                  | Stlth+}
  9007 | D:10     | Entered Level 10 of the Dungeon
  9032 | D:10     | Reached ** piety under Hepliaklqana
  9215 | D:10     | Remembered your ancestor Ealamassi as a battlemage
  9262 | D:9      | Found a sparkling altar of Nemelex Xobeh.
  9337 | D:9      | Found Buorif's Armour Emporium.
  9337 | D:9      | Found a staircase to the Orcish Mines.
  9338 | D:9      | Found Deuxef's Weapon Emporium.
  9350 | D:9      | Reached XP level 11. HP: 57/74 MP: 17/19
  9530 | D:9      | Reached skill level 5 in Conjurations
  9530 | D:9      | Reached skill level 5 in Hexes
  9530 | D:9      | Reached skill level 5 in Summonings
  9530 | D:9      | Reached skill level 5 in Necromancy
  9530 | D:9      | Reached skill level 5 in Translocations
  9530 | D:9      | Reached skill level 5 in Transmutations
  9530 | D:9      | Reached skill level 5 in Fire Magic
  9530 | D:9      | Reached skill level 5 in Ice Magic
  9530 | D:9      | Reached skill level 5 in Air Magic
  9530 | D:9      | Reached skill level 5 in Earth Magic
  9530 | D:9      | Reached skill level 5 in Poison Magic
  9588 | D:9      | Learned a level 3 spell: Call Canine Familiar
  9592 | D:9      | Learned a level 3 spell: Mephitic Cloud
 10223 | D:10     | Found an ancient bone altar of Kikubaaqudgha.
 10225 | D:10     | Found a staircase to the Lair.
 10225 | D:10     | Found an iron altar of Okawaru.
 10233 | D:10     | Upgraded the game from 0.31-a0-986-g5e6e4ef867 to
                  | 0.31-a0-1071-gaead2f62b1
 10302 | D:10     | Reached *** piety under Hepliaklqana
 10487 | D:10     | Found a broken altar of Ashenzari.
 10746 | D:10     | Noticed Erolcha
 10755 | D:10     | Killed Erolcha
 10837 | D:10     | Found a stormy altar of Qazlal.
 11375 | D:11     | Noticed Nergalle
 11389 | D:11     | Killed Nergalle
 11777 | D:12     | Learned a level 2 spell: Blink
 11877 | D:12     | Noticed a cyclops
 11890 | D:12     | Killed a cyclops
 12063 | D:11     | Noticed a two-headed ogre
 12066 | D:11     | Killed a two-headed ogre
 12094 | D:11     | Noticed a manticore
 12099 | D:11     | Killed a manticore
 12541 | D:13     | Noticed a manticore
 12543 | D:13     | Noticed a white ugly thing
 12549 | D:13     | Killed a manticore
 12603 | D:12     | Killed a white ugly thing
 12604 | D:12     | Reached XP level 12. HP: 18/81 MP: 10/22
 12839 | D:12     | Noticed Kirke
 12878 | D:12     | Noticed a sphinx
 12913 | D:11     | Killed Kirke
 13291 | D:12     | Reached **** piety under Hepliaklqana
 13471 | D:13     | Found Diumal Rieph's Distillery.
 13477 | D:13     | Bought a potion of heal wounds for 75 gold pieces
 13596 | D:13     | Identified the ring "Tustrise" {Fly rCorr}
 13845 | D:13     | Reached skill level 10 in Unarmed Combat
 14196 | D:13     | Noticed a vault guard
 14196 | D:13     | Noticed a vault guard
 14196 | D:13     | Noticed a vault guard
 14237 | D:13     | Killed a vault guard
 14263 | D:13     | Noticed a vault guard
 14274 | D:13     | Killed a vault guard
 14279 | D:13     | Killed a vault guard
 14280 | D:13     | Noticed a vault guard
 14283 | D:13     | Noticed a vault guard
 14296 | D:13     | Killed a vault guard
 14399 | D:12     | Killed a vault guard
 14464 | D:13     | Found a gate to the Vaults.
 14484 | D:13     | Killed a vault guard
 14699 | D:15     | Entered Level 15 of the Dungeon
 14716 | D:15     | Reached XP level 13. HP: 34/89 MP: 23/25
 15046 | D:6      | Bought a scroll of acquirement for 572 gold pieces
 15051 | D:6      | Acquired 651 gold pieces
 15179 | Lair:1   | Entered Level 1 of the Lair of Beasts
 15219 | Lair:1   | Noticed Sonja
 15236 | Lair:1   | Killed Sonja
 15317 | Lair:2   | Found a hole to the Spider Nest.
 15373 | Lair:2   | Reached skill level 10 in Shapeshifting
 15452 | Lair:1   | Noticed Fannar
 15465 | Lair:1   | Killed Fannar
 15755 | Lair:1   | Reached ***** piety under Hepliaklqana
 16162 | Lair:1   | Upgraded the game from 0.31-a0-1071-gaead2f62b1 to
                  | 0.31-a0-1074-g0b22e4e0f1
 16827 | Lair:3   | Found a staircase to the Shoals.
 16927 | Lair:3   | Found a dark tunnel.
 16942 | Volcano  | Entered a volcano
 17249 | Volcano  | Found a radiant altar of Vehumet.
 17280 | Volcano  | HP: 1/90 [salamander/+2 halberd (9)]
 17280 | Volcano  | Slain by a salamander

Illustrated notes

Levels and vault maps discovered:
D:1:      lemuel_arrival_room, layout_rooms,
          hellmonk_ecumenical_altar_defaced_shrine, nicolae_shop_vocational
D:2:      layout_basic, basic_altar, minmay_worlds_worst_comb
D:3:      layout_basic, uniq_natasha
D:4:      layout_basic, zin_scriptorium, minmay_temple_entry_sparse_star,
          uniq_menkaure
D:5:      layout_basic, vehumet_crystals, mainiacjoe_overflow_paths,
          mainiacjoe_overflow_alcove_2, serial_shops,
          nicolae_shop_rolling_square
D:6:      layout_gridville, regret_index_temple_of_mockery, serial_shops,
          nicolae_shop_competitors_out_of_business, nicolae_diamond_shop, shop,
          nicolae_shop_tiny_statue_garden, ebering_ghost_xom
D:7:      cheibrodos_iron_armory, layout_loops_corners
D:8:      layout_gridville, tso_altar, special_room [special_room_orc]
D:9:      layout_gridville, mainiacjoe_overflow_concentric_impassable,
          orc_david_3
D:10:     minmay_flawed_box, layout_layer_cave, grunt_qazlal_sundering,
          gammafunk_temple_overflow_forgotten, lair_entry_dummy,
          kennysheep_dice, uniq_erolcha
D:11:     layout_loops_ring, uniq_nergalle
D:12:     layout_roguey, uniq_kirke
D:13:     layout_loops_ring, ximxim_vaults_locker_room, serial_shops,
          nicolae_shop_back_alley_shop
D:14:     layout_irregular_city, nicolae_kikubaaqudgha_miasma_corner,
          serial_shops, nicolae_shop_real_fake_doors
D:15:     grunt_enter_depths_hoard, layout_rooms, elyvilon_altar_5,
          nicolae_hexahallways
Temple:   hellmonk_temple_beads
Lair:1:   hellmonk_destroyed_diamonds, layout_cellular_growth,
          chequers_serial_rivers_room_a, infiniplex_staircase_pool_2,
          uniq_fannar, uniq_sonja
Lair:2:   layout_long_grid, nicolae_spider_entry_orb_guardian, lemuel_fruit_tree
Lair:3:   statuecave_lemuel, layout_regular_city,
          minmay_shoals_entry_lonely_mermaid, nicolae_volcano_entry_two_sided,
          cheibrodos_lair_caveside_slide
Volcano:  volcano_lake [vl_original]

Skill      XL: |  1  2  3  4  5  6  7  8  9 10 11 12 13 |
---------------+----------------------------------------+-----
Invocations    | 1 2 3 4 5 6 7 8 9 |  9.5
Short Blades   | 1 2 3 4 5 7 8 |  8.7
Long Blades    | 1 2 3 4 5 7 8 |  8.7
Axes           | 1 2 3 4 5 7 8 |  8.7
Maces & Flails | 1 2 3 4 5 7 8 |  8.7
Polearms       | 1 2 3 4 5 7 8 |  8.7
Staves         | 1 2 3 4 5 7 8 |  8.7
Ranged Weapons | 1 2 3 4 5 7 8 |  8.7
Throwing       | 1 2 3 4 5 7 8 |  8.7
Armour         | 1 2 3 4 5 7 8 |  8.7
Stealth        | 1 2 3 4 5 7 8 |  8.7
Shields        | 1 2 3 4 5 7 8 |  8.7
Spellcasting   | 1 2 3 4 5 7 8 |  8.7
Evocations     | 1 2 3 4 5 7 8 |  8.7
Conjurations   | 1 2 3 4 5 6 7 |  7.2
Hexes          | 1 2 3 4 5 6 7 |  7.2
Summonings     | 1 2 3 4 5 6 7 |  7.2
Necromancy     | 1 2 3 4 5 6 7 |  7.2
Translocations | 1 2 3 4 5 6 7 |  7.2
Transmutations | 1 2 3 4 5 6 7 |  7.2
Fire Magic     | 1 2 3 4 5 6 7 |  7.2
Ice Magic      | 1 2 3 4 5 6 7 |  7.2
Air Magic      | 1 2 3 4 5 6 7 |  7.2
Earth Magic    | 1 2 3 4 5 6 7 |  7.2
Poison Magic   | 1 2 3 4 5 6 7 |  7.2
Fighting       | 3 4 5 6 7 8 9 |  9.1
Dodging        | 5 6 7 8 9 |  9.9
Unarmed Combat | 7 8 9 10 | 10.9
Shapeshifting  | 7 8 9 10 | 10.3

Action                     |  1- 3 |  4- 6 |  7- 9 | 10-12 | 13-15 || total
---------------------------+-------+-------+-------+-------+-------++-------
  Melee: Unarmed           |    60 |   129 |   277 |       |       ||   466
         Bite              |     6 |     8 |    41 |    17 |     6 ||    78
         Punch             |     1 |     4 |     8 |       |       ||    13
         Battleaxe         |       |       |    43 |    29 |       ||    72
         Halberd           |       |       |       |   195 |    79 ||   274
  Throw: Javelin           |       |     1 |     7 |     5 |       ||    13
         Dart              |       |       |     2 |     5 |       ||     7
         Boomerang         |       |       |       |     8 |     4 ||    12
         Throwing net      |       |       |       |     2 |       ||     2
   Cast: Call Imp          |       |       |    14 |    38 |    15 ||    67
         Ensorcelled Hiber |       |       |       |     3 |       ||     3
         Call Canine Famil |       |       |       |    32 |    22 ||    54
         Mephitic Cloud    |       |       |       |    10 |     4 ||    14
         Blink             |       |       |       |     2 |     2 ||     4
 Invoke: Recall Ancestor   |       |       |     1 |     3 |     2 ||     6
         Ancestor Life: Ba |       |       |       |     1 |       ||     1
  Evoke: Wand              |       |       |       |     3 |     3 ||     6
         Condenser vane    |       |       |       |       |     1 ||     1
    Use: Scroll            |     4 |     2 |     9 |     6 |     5 ||    26
         Potion            |     1 |     3 |     2 |     1 |       ||     7
   Stab: Sleeping          |     3 |       |     1 |     7 |     4 ||    15
         Distracted        |       |       |     2 |     5 |     2 ||     9
         Confused          |       |       |       |     1 |       ||     1
 Armour: Animal skin       |    35 |    22 |       |       |       ||    57
         Ring mail         |       |    31 |    16 |       |       ||    47
         Plate armour      |       |     8 |       |       |       ||     8
         Scale mail        |       |       |   209 |   178 |    86 ||   473
  Dodge: Dodged            |    43 |    53 |   203 |   148 |    54 ||   501
   Form: Beast             |       |     1 |       |       |       ||     1

Table legend: (Time is in decaauts)
 A = Elapsed time spent in this place.
 B = Non-inter-level travel time spent in this place.
 C = Inter-level travel time spent in this place.
 D = Time resting spent in this place.
 E = Time spent auto-exploring this place.
 F = Levels seen in this place.
 G = Mean time per level.
                   A        B        C        D        E       F      G
               +--------+--------+--------+--------+--------+-----+--------+
         Total |  17316 |  16595 |    721 |   1815 |   7311 |  20 |  865.8 |
       Dungeon |  15103 |  14404 |    699 |   1715 |   6517 |  15 | 1006.9 |
        Temple |    111 |    111 |      0 |      0 |      0 |   1 |  111.0 |
          Lair |   1764 |   1742 |     22 |    100 |    777 |   3 |  588.0 |
       Volcano |    337 |    337 |      0 |      0 |     17 |   1 |  337.0 |
               +--------+--------+--------+--------+--------+-----+--------+

Top non-repeatable levels by time:
     D:7: 1805 daAuts
     D:8: 1632 daAuts
    D:10: 1600 daAuts
  Lair:1: 1381 daAuts
    D:11: 1278 daAuts
    D:13: 1091 daAuts
     D:3: 1047 daAuts
     D:6: 1014 daAuts
    D:12: 972 daAuts
     D:5: 971 daAuts
     D:4: 931 daAuts
     D:9: 926 daAuts
     D:2: 834 daAuts
     D:1: 669 daAuts
 Volcano: 337 daAuts
